 Dungeon Crawl Stone Soup version 0.23.0-3-gf3c87f2 (webtiles) character file.

Game seed: 12339545815185815786

221 Dazliare the Insei (level 5, 0/36 HPs)
             Began as an Octopode Transmuter on Feb 22, 2019.
             Was an Initiate of Makhleb.
             Succumbed to an orc wizard's poison
             ... on level 3 of the Dungeon.
             The game lasted 00:05:38 (3023 turns).

Dazliare the Insei (Octopode Transmuter)            Turns: 3023, Time: 00:05:39

Health: 0/36       AC:  2    Str:  9    XL:     5   Next: 98%
Magic:  4/8        EV: 20    Int: 16    God:    Makhleb [......]
Gold:   107        SH:  0    Dex: 18    Spells: 2/8 levels left

rFire    . . .     SeeInvis .     - Unarmed
rCold    . . .     Gourm    .   (shield currently unavailable)
rNeg     . . .     Faith    .   (helmet currently unavailable)
rPois    x         Spirit   .   (no amulet)
rElec    .         Reflect  .   (no ring)
rCorr    .         Harm     .   (no ring)
MR       .....                  (no ring)
Stlth    ++........             (no ring)
HPRegen  0.12/turn              (no ring)
MPRegen  0.11/turn              (no ring)
                                (no ring)
                                (no ring)

@: lethally poisoned (0 -> -29), spider-form, flying
A: tiny, almost no armour, stealthy swim, (amphibious), 8 rings, (constrict 8)
a: End Transformation, Renounce Religion


You were on level 3 of the Dungeon.
You worshipped Makhleb.
Makhleb was noncommittal.
You were not hungry.
You were a venomous arachnid creature.
You visited 1 branch of the dungeon, and saw 3 of its levels.

You collected 107 gold pieces.

Inventory:

Missiles
 a - 64 arrows
Jewellery
 f - a +1 ring of protection {unknown}
 h - an uncursed ring of protection from magic {unknown}
Scrolls
 e - 3 scrolls of identify {unknown}
 g - a scroll of immolation {unknown}
 i - a scroll of random uselessness {unknown}
 j - a scroll of teleportation {@r4}
 k - a scroll of fear {unknown}
Comestibles
 b - 3 chunks of flesh
 c - 5 rations {@e1}


   Skills:
 + Level 3.1 Fighting
 - Level 2.0 Dodging
 - Level 5.4 Unarmed Combat
 - Level 2.0 Spellcasting
 - Level 2.4 Transmutations


You had 2 spell levels left.
You knew the following spells:

 Your Spells              Type           Power        Failure   Level  Hunger
a - Beastly Appendage     Tmut           #.....       21%         1    #......
b - Sticks to Snakes      Tmut           #.......     28%         2    ###....
c - Spider Form           Tmut/Pois      #.........   58%         3    ###....

Your spell library contained the following spells:

 Spells                   Type           Power        Failure   Level  Hunger
 Ice Form                 Ice/Tmut       #.......     90%         4    #####..
 Blade Hands              Tmut           #.........   98%         5    ######.


Dungeon Overview and Level Annotations

Branches:
Dungeon (3/15)

Altars:
Makhleb
Zin


Innate Abilities, Weirdness & Mutations

You cannot wear most types of armour.
You are very stealthy in the water. (Stealth+)
((You are amphibious.))
You can wear up to eight rings at the same time.
((You can use your tentacles to constrict eight enemies at once.))
((Your skin changes colour to match your surroundings (Stealth+).))
((Your rubbery body absorbs attacks. (AC +1, EV +1)))


Message History

Some of the chunks of flesh in your inventory have rotted away.
You take 1 damage, and have 5/36 hp.
Unknown command.
You feel sick.
The goblin shoots a stone.
The stone barely misses you.
You turn into a venomous arachnid creature.
The goblin shoots a stone.
The stone completely misses you. Something barely misses you.
Unknown command.
You now have 4/8 mp.
You barely miss something.
The goblin shoots a stone.
The stone barely misses you. Something hits you.
* * * LOW HITPOINT WARNING * * *
You are more poisoned.
You take 3 damage, and have 2/36 hp.
Unknown command.
It was a potion of flight.
You feel very buoyant.
You fly up into the air.
You die...

g.###..#....#.#.#
..#.........g...##
....÷.......#)#..#
............#g##.#####
.........####...÷÷...#
.........# #........#
.........# #........#
>.......#####...{....#
......)#........s....#
.........####........#
<.....#### #....(...#
...####### #.########
...#.....# #.#
##...?...# #.##
##.....####..#
#....r.r.##.#
#.o...##.##.#


You could see 2 goblins.

Vanquished Creatures
  An ogre (D:3)
  Jessica (D:2)
  Robin (D:3)
  3 adders (D:2)
  An ooze (D:1)
  2 worms (D:2)
  A dart slug (D:1)
  3 leopard geckos
  3 orcs (D:3)
  2 giant cockroaches
  8 goblins
  4 hobgoblins
  8 jackals
  A quokka (D:2)
  A ball python (D:3)
  8 bats
  4 frilled lizards
  5 kobolds
  7 rats
64 creatures vanquished.

Notes
Turn   | Place    | Note
-------+----------+-------------------------------------------
     0 | D:1      | Dazliare the Octopode Transmuter began the quest for the
                  | Orb.
     0 | D:1      | Reached XP level 1. HP: 13/13 MP: 3/3
   167 | D:1      | Reached XP level 2. HP: 18/19 MP: 5/5
   196 | D:1      | Learned a level 2 spell: Sticks to Snakes
   856 | D:1      | Reached XP level 3. HP: 23/25 MP: 6/6
   869 | D:1      | Learned a level 3 spell: Spider Form
  1305 | D:2      | Found a faded altar of an unknown god.
  1575 | D:2      | Reached XP level 4. HP: 23/31 MP: 5/7
  2154 | D:2      | Noticed Jessica
  2162 | D:2      | Killed Jessica
  2162 | D:2      | Reached skill level 4 in Unarmed Combat
  2749 | D:3      | Noticed an ogre
  2757 | D:3      | Killed an ogre
  2757 | D:3      | Reached skill level 5 in Unarmed Combat
  2757 | D:3      | Reached XP level 5. HP: 36/36 MP: 4/8
  2903 | D:3      | Noticed a cacodemon
  2904 | D:3      | Found a burning altar of Makhleb.
  2907 | D:3      | Found a glowing silver altar of Zin.
  2907 | D:3      | Noticed an angel
  2920 | D:3      | Became a worshipper of Makhleb the Destroyer
  2948 | D:3      | Noticed Robin
  2972 | D:3      | Killed Robin
  3023 | D:3      | Succumbed to an orc wizard's poison

Skill      XL: |  1  2  3  4 |
---------------+-------------+-----
Fighting       | 2 3 |  3.1
Unarmed Combat | 5 |  5.4
Dodging        | |  2.0
Spellcasting   | |  2.0
Transmutations | |  2.4

Action                   |  1- 3 |  4- 6 || total
-------------------------+-------+-------++-------
Melee: Unarmed           |    63 |    83 ||   146
       Constrict         |    14 |    11 ||    25
       Tentacles         |     9 |     5 ||    14
       Kick              |     5 |     3 ||     8
       Punch             |       |     1 ||     1
 Cast: Beastly Appendage |     3 |     1 ||     4
       Spider Form       |       |     6 ||     6
  Use: Scroll            |     1 |     1 ||     2
       Potion            |       |     3 ||     3
 Stab: Sleeping          |     3 |     5 ||     8
       Distracted        |       |     1 ||     1
  Eat: Chunk             |     1 |     6 ||     7
Armor: Skin              |     8 |     6 ||    14
Dodge: Dodged            |    46 |    52 ||    98
